 Dungeon Crawl Stone Soup version 0.29-a0-234-g0dae59b3db (webtiles) character file.

Game seed: 5748059585618391248

61 dolemite99 the Cudgeller (level 3, -1/46 HPs)
             Began as a Minotaur Fighter on Mar 3, 2022.
             Slain by an orc priest
             ... wielding a +0 flail
              (4 damage)
             ... on level 2 of the Dungeon.
             The game lasted 00:01:24 (1073 turns).

dolemite99 the Cudgeller (Minotaur Fighter)         Turns: 1073, Time: 00:01:24

Health: -1/46      AC:  9    Str: 22    XL:     3   Next: 83%
Magic:  2/2        EV:  7    Int:  5    God:
Gold:   54         SH:  4    Dex:  9    Spells: 2/2 levels left

rFire   . . .      SeeInvis .   a - +0 flail
rCold   . . .      Faith    .   c - +0 buckler
rNeg    . . .      Spirit   .   f - +0 chain mail
rPois   .          Reflect  .   (helmet restricted)
rElec   .          Harm     .   (no cloak)
rCorr   .          Rampage  .   (no gloves)
Will    .....                   (no boots)
Stlth   ..........              (no amulet)
HPRegen 0.15/turn               (no ring)
MPRegen 0.08/turn               (no ring)

@: berserking, very quick
A: horns 2, retaliatory headbutt
a: no special abilities


You were on level 2 of the Dungeon.
You visited 1 branch of the dungeon, and saw 2 of its levels.

You collected 54 gold pieces.

Inventory:

Hand Weapons
 a - a +0 flail (weapon)
Missiles
 n - 64 stones (quivered)
Armour
 b - a +0 scale mail
 c - a +0 buckler (worn)
 f - a +0 chain mail (worn)
 j - a +0 cloak
Jewellery
 o - a ring of magical power
Scrolls
 d - a scroll of silence {unknown}
 h - a scroll of identify {unknown}
 i - a scroll of enchant armour {unknown}
Potions
 e - a potion of berserk rage
 g - 2 potions of haste {unknown}
 k - a potion of heal wounds {unknown}
 l - 2 potions of curing
 m - a potion of might


   Skills:
 - Level 3.6 Fighting
 + Level 5.1 Maces & Flails
 - Level 3.6 Armour
 - Level 3.6 Shields


You had 2 spell levels left.
You didn't know any spells.
Your spell library was empty.

Dungeon Overview and Level Annotations

Branches:
Dungeon (2/15)

Altars:


Innate Abilities, Weirdness & Mutations

You have a pair of horns on your head.
You reflexively headbutt those who attack you in melee.


Message History

You closely miss the orc priest. The orc hits you but does no damage.
The orc priest barely misses you. You furiously retaliate!
You headbutt the orc priest, but do no damage.
The orc hits you but does no damage.
The orc wizard shouts!
You hit the orc priest.
The orc priest is moderately wounded.
You hear a shout!
The orc priest hits you with a +0 flail.
The orc barely misses you.
The orc priest hits you but does no damage.
You barely miss the orc priest.
The orc priest is moderately wounded.
You block the orc's attack.
The orc priest calls down the wrath of Beogh upon you.
Beogh smites you!
The orc wizard casts a spell.
The orc wizard flickers and vanishes!
Deactivating autopickup; reactivate with Ctrl-A.
The orc priest calls down the wrath of Beogh upon you.
Pain shoots through your body!
You hit the orc priest.
The orc priest is moderately wounded.
You block the orc's attack. The orc hits you with a +0 hand axe.
* * * LOW HITPOINT WARNING * * *
The orc priest hits you but does no damage.
It was a potion of curing.
You feel better. The orc hits you but does no damage.
The orc priest invokes the aid of Beogh against you.
Beogh smites you!
* * * LOW HITPOINT WARNING * * *
It was a potion of berserk rage.
A red film seems to cover your vision as you go berserk!
You feel yourself moving faster!
You feel mighty! The orc hits you but does no damage.
The orc priest hits you with a +0 flail.
* * * LOW HITPOINT WARNING * * *
The orc hits you but does no damage.
The orc priest hits you with a +0 flail.
You die...

.## ########## .... ###.. ..##
#........# ..... #...# ...#
#........# #.##..###.... ...##
#........######..##.#.....#
##..###........##................
#...##............###.#..#.#..##
#...##........#{..##......>#..##
###..##........#o###...##..#.....
...............o@###...........##
................oo...#.###..####
)..............###.###.###..###
......#............# #.......)###
).....#......#########...........
#.#...#.......................###
#...#.......###......†........#
#..##..#......#...............#
#..##...... #.#.......#.........


You could see 2 orc priests and 2 orcs.

Vanquished Creatures
  Terence (D:2)
  3 dart slugs
  3 endoplasms
  3 hobgoblins
  2 kobolds
  3 quokkas
  5 ball pythons
  5 bats
  3 goblins (D:1)
  3 rats (D:1)
31 creatures vanquished.

Notes
Turn   | Place    | Note
-------+----------+-------------------------------------------
     0 | D:1      | dolemite99 the Minotaur Fighter began the quest for the
                  | Orb.
     0 | D:1      | Reached XP level 1. HP: 19/19 MP: 0/0
   170 | D:1      | Reached skill level 3 in Maces & Flails
   226 | D:1      | Reached XP level 2. HP: 20/26 MP: 1/1
   431 | D:1      | You fall into a shaft and drop 1 floor!
   431 | D:2      | Noticed Terence
   450 | D:2      | Killed Terence
   451 | D:2      | Reached skill level 4 in Maces & Flails
   451 | D:2      | Reached XP level 3. HP: 18/31 MP: 2/2
   848 | D:1      | Reached skill level 5 in Maces & Flails
   899 | D:1      | Found a faded altar of an unknown god.
  1073 | D:2      | Slain by an orc priest

Illustrated notes

Levels and vault maps discovered:
D:1:      sevenhm_arrival_forest_fort_small_5, layout_basic,
          ebering_ecumenical_altar_abandoned, minmay_split_cup_small
D:2:      layout_rooms, uniq_terence

Skill      XL: |  1  2  3 |
---------------+----------+-----
Maces & Flails | 3 4 5 |  5.1
Fighting       | |  3.6
Armour         | |  3.6
Shields        | |  3.6

Action                   || total
-------------------------++-------
Melee: Flail             ||    67
       Headbutt          ||     4
Throw: Stone             ||     5
  Use: Potion            ||     3
Armor: Scale mail        ||     5
       Chain mail        ||    41
Dodge: Dodged            ||    27
Block: Buckler           ||    15

Table legend: (Time is in decaauts)
 A = Elapsed time spent in this place.
 B = Non-inter-level travel time spent in this place.
 C = Inter-level travel time spent in this place.
 D = Time resting spent in this place.
 E = Time spent auto-exploring this place.
 F = Levels seen in this place.
 G = Mean time per level.
                   A        B        C        D        E       F      G
               +--------+--------+--------+--------+--------+-----+--------+
         Total |   1091 |   1086 |      5 |    255 |    537 |   2 |  545.5 |
       Dungeon |   1091 |   1086 |      5 |    255 |    537 |   2 |  545.5 |
               +--------+--------+--------+--------+--------+-----+--------+

Top non-repeatable levels by time:
     D:1: 680 daAuts
     D:2: 411 daAuts
